 Dungeon Crawl Stone Soup version 0.30-a0-159-g068b764562 (webtiles) character file.

Game seed: 4809320130575493149

91 qw the Chopper (level 4, 0/28 HPs)
             Began as a Gargoyle Fighter on Sept 27, 2022.
             Slain by a gnoll
             ... wielding a +0 spear
              (3 damage)
             ... on level 2 of the Dungeon.
             The game lasted 00:00:36 (1735 turns).

qw the Chopper (Gargoyle Fighter)                   Turns: 1735, Time: 00:00:37

Health: 0/28       AC: 10    Str: 21    XL:     4   Next: 57%
Magic:  4/4        EV:  9    Int:  9    God:
Gold:   90         SH:  4    Dex:  9    Spells: 3/3 levels left

rFire   . . .      SeeInvis .    Y - +0 war axe
rCold   . . .      Faith    .    c - +0 buckler
rNeg    + . .      Spirit   .    b - +0 scale mail
rPois   inf        Reflect  .    (no helmet)
rElec   +          Harm     .    (no cloak)
rCorr   .          Rampage  .    (no gloves)
Will    .....                    (no boots)
Stlth   ..........               (no amulet)
HPRegen 0.09/turn                (no ring)
MPRegen 0.09/turn                (no ring)

@: no status effects
A: sickness immunity, AC +3, negative energy resistance 1, electricity
resistance, torment resistance 1, petrification resistance
a: no special abilities


You were on level 2 of the Dungeon.
You visited 1 branch of the dungeon, and saw 2 of its levels.

You collected 90 gold pieces.


Innate Abilities, Weirdness & Mutations

You are immune to sickness and miasma.
Your stone body is resilient. (AC +3)
You are immune to poison.
You resist negative energy. (rN+)
You are resistant to electric shocks. (rElec)
You are resistant to unholy torment.
You are immune to petrification.


   Skills:
 - Level 3.2 Fighting
 + Level 4.2 Axes
 - Level 3.2 Armour
 - Level 3.2 Shields


You had 3 spell levels left.
You didn't know any spells.
Your spell library was empty.

Inventory:

Hand Weapons
 e - a +0 morningstar
 Y - a +0 war axe (weapon)
Armour
 b - a +0 scale mail (worn)
 c - a +0 buckler (worn)
 f - a +0 helmet
Jewellery
 a - a ring of see invisible
Potions
 d - a potion of might
 g - a potion of curing {unknown}

Dungeon Overview and Level Annotations

Branches:
Dungeon (2/15)

Altars:


Message History

You hit the gnoll.
The gnoll is almost dead.
The gnoll barely misses you.
You closely miss the gnoll.
The gnoll is almost dead.
You closely miss the gnoll. The gnoll hits you but does no damage.
The gnoll hits you with a +0 flail! The gnoll hits you but does no damage.
You hit the gnoll but do no damage.
The gnoll is almost dead.
You barely miss the gnoll. The gnoll hits you but does no damage.
You block the gnoll's attack. The gnoll barely misses you.
The gnoll hits you but does no damage. You block the gnoll's attack.
The gnoll hits you from afar with a +0 spear.
You closely miss the gnoll.
The gnoll is almost dead.
You closely miss the gnoll. The gnoll barely misses you.
The gnoll hits you with a +0 spear. The gnoll hits you with a +0 flail.
A frilled lizard comes into view.
You barely miss the gnoll.
The gnoll is almost dead.
You slash the gnoll! The gnoll barely misses you.
The gnoll hits you but does no damage. The gnoll hits you with a +0 spear.
You hit the gnoll.
You kill the gnoll!
You slash the gnoll!
You kill the gnoll!
The gnoll hits you but does no damage.
The gnoll hits you from afar with a +0 spear.
Found a stone staircase leading down.
The gnoll hits you but does no damage.
Things that are here:
a +0 flail; a gnoll corpse You hit the gnoll.
The gnoll is lightly wounded.
The gnoll hits you with a +0 spear.
You die...

####
##....###.##...#..
#######..##..##....# .
#.......###........#
#......###...#####...#
#..........#.# ##.#
#......#####.# ..
#......# #.## .
#......# #..###
#......# ##)@g#
#......# ###l.....#
#.....># ......#
#......# .......
######## ......>
#######


You could see a gnoll and a frilled lizard.

Vanquished Creatures
  2 gnolls (D:2)
  2 adders (D:2)
  3 worms
  2 dart slugs
  5 bats
  An endoplasm (D:1)
  2 giant cockroaches
  2 goblins
  A hobgoblin (D:1)
  4 jackals
  3 quokkas
  6 ball pythons
  3 frilled lizards
  3 kobolds (D:2)
  2 rats (D:1)
41 creatures vanquished.

Notes
Turn   | Place    | Note
-------+----------+-------------------------------------------
     0 | D:1      | qw the Gargoyle Fighter began the quest for the Orb.
     0 | D:1      | Reached XP level 1. HP: 14/14 MP: 1/1
     0 | D:1      | 0 ||| qw: Version: 0.2-a-10-g37ed214
     0 | D:1      | 0 ||| qw: Game counter: 564
     0 | D:1      | 0 ||| qw: Always use a shield: true
     0 | D:1      | 0 ||| qw: God list: Okawaru
     0 | D:1      | 0 ||| qw: Allow faded altars: false
     0 | D:1      | 0 ||| qw: Do Orc after D:15 true
     0 | D:1      | 0 ||| qw: Do second Lair branch before Depths: true
     0 | D:1      | 0 ||| qw: Lair rune preference: random
     0 | D:1      | 0 ||| qw: Plans: Normal, Zot:1-4, God:TSO, Crypt, Tomb,
                  | Pan, Slime:5, Hells, Abyss, Orb
     0 | D:1      | 0 ||| PLANNING D:1-11
    27 | D:1      | Reached skill level 2 in Axes
   159 | D:1      | Found a faded altar of an unknown god.
   167 | D:1      | 167 ||| Stepping ~*~*~tactically~*~*~ (stealth).
   178 | D:1      | Reached XP level 2. HP: 8/19 MP: 2/2
  1040 | D:1      | 1040 ||| READING scroll labelled DARPHA BERPHAIPEG.
  1041 | D:1      | 1041 ||| READING scroll labelled VUOXTY DUNIGU.
  1042 | D:1      | 1042 ||| READING scroll labelled UNLAYFOD SODDAODGHA.
  1098 | D:2      | 1098 ||| STAIRDANCE
  1102 | D:1      | Reached skill level 3 in Axes
  1106 | D:2      | Reached XP level 3. HP: 19/23 MP: 3/3
  1110 | D:2      | 1110 ||| FLEEEEING.
  1111 | D:2      | 1111 ||| FLEEEEING.
  1112 | D:2      | 1112 ||| STAIRDANCE
  1151 | D:2      | 1151 ||| STAIRDANCE
  1220 | D:2      | 1220 ||| STAIRDANCE
  1279 | D:2      | 1279 ||| DROPPING +0 club.
  1300 | D:2      | 1300 ||| Stepping ~*~*~tactically~*~*~ (stealth).
  1444 | D:2      | 1444 ||| Stepping ~*~*~tactically~*~*~ (stealth).
  1446 | D:2      | 1446 ||| Stepping ~*~*~tactically~*~*~ (stealth).
  1464 | D:2      | 1464 ||| FLEEEEING.
  1465 | D:2      | 1465 ||| FLEEEEING.
  1466 | D:2      | 1466 ||| FLEEEEING.
  1467 | D:2      | 1467 ||| FLEEEEING.
  1468 | D:2      | 1468 ||| FLEEEEING.
  1469 | D:2      | 1469 ||| FLEEEEING.
  1470 | D:2      | 1470 ||| FLEEEEING.
  1471 | D:2      | 1471 ||| FLEEEEING.
  1472 | D:2      | 1472 ||| FLEEEEING.
  1473 | D:2      | 1473 ||| FLEEEEING.
  1564 | D:2      | Reached XP level 4. HP: 27/28 MP: 4/4
  1627 | D:2      | Reached skill level 4 in Axes
  1731 | D:2      | HP: 7/28 [gnoll/+0 flail (3)]
  1733 | D:2      | HP: 3/28 [gnoll/+0 spear (2)]
  1735 | D:2      | Slain by a gnoll

Levels and vault maps discovered:
D:1:      roderic_chinese_lattice_arrival, layout_basic,
          hellmonk_ecumenical_altar_lost_god, serial_bayou_pond_e,
          corexii_corridor_pit, minmay_misc_feat_alley
D:2:      layout_rooms

Skill      XL: |  1  2  3  4 |
---------------+-------------+-----
Axes           | 2 3 4 |  4.2
Fighting       | |  3.2
Armour         | |  3.2
Shields        | |  3.2

Action                   |  1- 3 |  4- 6 || total
-------------------------+-------+-------++-------
Melee: War axe           |   109 |    15 ||   124
  Use: Scroll            |     3 |       ||     3
Armor: Scale mail        |    73 |     7 ||    80
Dodge: Dodged            |    69 |     5 ||    74
Block: Buckler           |    29 |     5 ||    34

Table legend:
 A = Non-vault XP
 B = Vault XP
 C = Vault XP percentage of total XP
 D = Non-vault monster count
 E = Vault monster count
 F = Vault count percentage of total count
                 A         B        C        D         E       F
            +---------+---------+-------+---------+---------+-------
      Total |     130 |       0 |   0.0 |      41 |       0 |   0.0
            +---------+---------+-------+---------+---------+-------
        D:1 |      41 |       0 |   0.0 |      21 |       0 |   0.0
        D:2 |      89 |       0 |   0.0 |      20 |       0 |   0.0
            +---------+---------+-------+---------+---------+-------
